Map: Frozen Temple

Players

Miszu

  • Race: Terran Terran
  • League: Master

MaGiCaL - Winner!

  • Race: Protoss Protoss
  • League: Grandmaster

VOD

Have the link to the VOD?

Description

Time

  • Played on: May 3, 2016, 12:38 p.m.
  • Length: 6:11
Show
View Real Time Build Order
Export as new Build Order

Miszu Terran 

Build Orders: Reaper Expand 

Get SALT Encoding   

  12  0:00  SCV  
  13  0:12  SCV  
  14  0:18  Supply Depot  
  14  0:25  SCV  
  15  0:40  Barracks, SCV  
  16  0:43  Refinery  
  16  0:52  SCV  
  17  1:04  SCV  
  18  1:16  SCV  
  19  1:29  Reaper  
  19  1:30  Orbital Command  
  20  1:40  Command Center  
  20  1:49  Supply Depot  
  20  1:56  SCV  
  20  2:01  Marine  
  22  2:06  Factory  
  22  2:08  SCV  
  23  2:20  SCV  
  23  2:21  Barracks Reactor  
  24  2:38  SCV  
  24  2:49  Bunker  
  24  2:50  SCV  
  25  2:56  Factory Tech Lab  
  25  2:57  Marine x2  
  27  3:01  Refinery, Orbital Command  
  27  3:07  Barracks  
  27  3:08  Barracks  
  27  3:10  Supply Depot  
  27  3:13  SCV  
  28  3:25  Cyclone, SCV  
  29  3:32  Marine  
  29  3:33  Marine  
  24  3:49  SCV  
  25  3:56  SCV  
  25  4:02  SCV  
  25  4:08  SCV  
  26  4:12  Marine x2  
  26  4:14  SCV  
  29  4:20  SCV  
  29  4:21  Barracks Tech Lab  
  29  4:23  Marine  
  31  4:26  SCV  
  31  4:29  Marine  
  31  4:30  Marine  
  34  4:32  SCV  
  35  4:40  Combat Shields  
  35  4:41  Marine x2  
  37  4:46  SCV  
  39  4:55  Orbital Command  
  39  4:58  SCV  
  39  5:04  Marine x2  
  39  5:06  Marine  
  39  5:07  Marine  
  42  5:22  Marine x2  
  42  5:24  Marine x2  
  42  5:26  Siege Tank  
  35  5:39  Marine  
  35  5:40  Marine  
  35  5:42  Marine  
  38  5:43  Marine  
Show
View Real Time Build Order
Export as new Build Order

MaGiCaL Protoss - Winner!

Build Orders: Oracle Opening 

Get SALT Encoding   

  12  0:01  Probe (Chrono Boost)  
  13  0:11  Probe (Chrono Boost)  
  14  0:17  Pylon  
  14  0:22  Probe (Chrono Boost)  
  15  0:36  Gateway, Probe (Chrono Boost)  
  15  0:41  Assimilator  
  16  0:46  Probe (Chrono Boost)  
  17  0:51  Assimilator  
  18  0:57  Probe (Chrono Boost)  
  18  1:07  Probe (Chrono Boost)  
  19  1:18  Probe (Chrono Boost)  
  20  1:23  Cybernetics Core  
  20  1:28  Probe (Chrono Boost)  
  21  1:38  Pylon  
  21  1:39  Probe (Chrono Boost)  
  22  1:49  Probe (Chrono Boost)  
  23  2:00  Adept (Chrono Boost)  
  25  2:01  Stargate, Warp Gate  
  25  2:02  Probe  
  26  2:14  Probe  
  27  2:24  Pylon  
  27  2:30  Probe  
  27  2:44  Oracle (Chrono Boost)  
  27  2:49  Gateway  
  30  2:56  Gateway  
  30  3:06  Robotics Facility  
  30  3:16  Gateway, Oracle (Chrono Boost)  
  33  3:22  Pylon  
  33  3:54  Immortal (Chrono Boost)  
  37  4:09  Stalker x2  
  38  4:10  Stalker  
  38  4:15  Pylon  
  40  4:23  Stalker  
  42  4:29  Immortal (Chrono Boost)  
  46  4:37  Stalker  
  48  4:43  Stalker  
  50  5:03  Immortal (Chrono Boost)  
  50  5:04  Pylon  
  50  5:34  Stalker x3  
  50  5:35  Stalker  
  43  6:08  Stalker x3  
  43  6:09  Zealot  
Tags
 
Add a new tag
Caveats
  • Supply blocks, unpowered buildings, or Contaminate may cause inaccurate times.
  • Supply counts are checked every 10 seconds.